 Dungeon Crawl Stone Soup version 0.17-a0-755-g4391640 (webtiles) character file.

1833 wvc the Basher (level 9, -4/88 HPs)
             Began as an Ogre Wanderer on Apr 22, 2015.
             Slain by a killer bee (5 damage)
             ... on level 7 of the Dungeon.
             The game lasted 00:17:23 (7132 turns).

wvc the Basher (Ogre Wanderer)                      Turns: 7132, Time: 00:17:23

Health: -4/88      AC:  5    Str: 20    XL:     9   Next: 11%
Magic:  9/9        EV: 10    Int: 11    God:
Gold:   426        SH:  0    Dex: 11    Spells: 0 memorised, 8 levels left

rFire  . . .     SeeInvis .     w - +1 dire flail (distort)
rCold  . . .     Clarity  .     d - +1 robe
rNeg   + . .     SustAb   .     (no shield)
rPois  +         Gourm    .     (helmet restricted)
rElec  .         Spirit   .     B - +0 cloak {rPois}
rCorr  .         Warding  +     (gloves unavailable)
rMut   .         Stasis   .     (boots unavailable)
MR     +....                    h - amulet of warding
Stlth  ++........               u - ring of protection from magic
                                c - ring of stealth

@: lethally poisoned (-4 -> -5), invisible, somewhat resistant to hostile
enchantments, unstealthy
A: unfitting armour, tough skin 1
a: no special abilities


You were on level 7 of the Dungeon.
You were not hungry.

You visited 2 branches of the dungeon, and saw 8 of its levels.

You collected 426 gold pieces.

Inventory:

Hand weapons
 a - a +0 giant club
 m - a +0 blowgun
 t - a +1 mace of protection
 w - a +1 dire flail of distortion (weapon)
Missiles
 o - 42 poisoned needles
Armour
 d - a +1 robe (worn)
 B - a +0 cloak of poison resistance (worn)
Jewellery
 c - a ring of stealth (left hand)
 h - an amulet of warding (around neck)
 n - an uncursed ring of magical power
 u - a ring of protection from magic (right hand)
Magical devices
 q - a wand of slowing (1)
 v - a wand of enslavement (7)
 y - a wand of flame (24)
Scrolls
 p - 5 scrolls of remove curse
 s - a scroll of fog
Potions
 b - a potion of lignification
 e - 2 potions of haste
 g - a potion of invisibility
 i - 5 potions of curing
 k - a potion of brilliance
 l - 2 potions of restore abilities
 r - a potion of degeneration {unknown}
 z - a potion of beneficial mutation {unknown}
Comestibles
 f - 4 bread rations
 x - a meat ration


   Skills:
 - Level 5.0 Fighting
 * Level 13.6 Maces & Flails
   Level 2.0 Polearms
 - Level 1.1 Throwing
 - Level 1.7 Dodging
 - Level 1.5 Stealth
 - Level 1.0 Evocations


You had 8 spell levels left.
You didn't know any spells.

Dungeon Overview and Level Annotations

Branches:
Dungeon (7/15)             Temple (1/1) D:6

Altars:
Ashenzari
Cheibriados
Dithmenos
Gozag
Makhleb
Nemelex Xobeh
Ru
Sif Muna
Vehumet
Zin


Innate Abilities, Weirdness & Mutations

You are too large for most types of armour.
You have tough skin (AC +1).


Message History

Okay, then.
You feel sick. The killer bee closely misses you.
The killer bee closely misses you. The killer bee stings you.
* * * LOW HITPOINT WARNING * * *
The killer bee barely misses you.
You feel sick.
The killer bee stings you but does no damage.
The killer bee stings you.
* * * LOW HITPOINT WARNING * * *
The killer bee completely misses you.
You feel sick. The killer bee barely misses you.
The killer bee stings you but does no damage.
The killer bee stings you!
* * * LOW HITPOINT WARNING * * *
Drink which item? (? for menu, Esc to quit)
You fade into invisibility!
The killer bee stings you.
* * * LOW HITPOINT WARNING * * *
The killer bee stings you.
You die...

.....................## ........#
#......††...## ##.. .......#
####....##...#####..... ..(....#
#...###.W..y........
.......#######...###.............
................###...###...... #
................##....# #....# #
.......####....y##...## ##...)###
......## ####.y@...## #......##
.###...# #.....## #.......#
####...## ##....# ##..###...
#.......## #...## #...# ##..
.........### ##...### ##..## ###
...........# #......###...# #
.....####.......#....#...## ##
...### ##....#####......# ###.
..######.....## ###....# ....


You could see 2 killer bees.

Vanquished Creatures
  Edmund (D:6)
  A sky beast (D:6)
  An orc warrior (D:6)
  3 phantoms
  A black bear (D:6)
  A centaur (D:6)
  2 ogres (D:5)
  5 giant frogs
  2 killer bees (D:7)
  A jelly (D:7)
  2 orc wizards
  A crimson imp (D:5)
  2 hounds
  5 worker ants
  A hound skeleton (D:6)
  A worker ant zombie (D:5)
  6 adders
  2 shadow imps (D:5)
  3 oozes
  A worm (D:4)
  5 giant geckos
  14 orcs
  A bat skeleton (D:4)
  3 giant cockroaches
  11 goblins
  13 hobgoblins
  2 jackals (D:1)
  2 quokkas
  9 bats
  6 giant newts
  9 kobolds
  A quokka skeleton (D:7)
  11 rats
129 creatures vanquished.

Notes
Turn   | Place    | Note
--------------------------------------------------------------
     0 | D:1      | wvc, the Ogre Wanderer, began the quest for the Orb.
     0 | D:1      | wvc set off with: a +2 spear, a potion of lignification, a scroll of teleportation, a +0 robe, a +0 dagger, a bread ration
     0 | D:1      | Reached XP level 1. HP: 22/22 MP: 1/1
    62 | D:1      | Reached skill level 3 in Fighting
   171 | D:1      | Reached XP level 2. HP: 20/31 MP: 2/2
   490 | D:1      | Reached XP level 3. HP: 9/39 MP: 3/3
   815 | D:1      | Reached skill level 4 in Fighting
  1709 | D:3      | Reached XP level 4. HP: 40/49 MP: 4/4
  1750 | D:3      | Found a shattered altar of Ashenzari.
  1757 | D:3      | Saw a vision of the Shoals and the Spider Nest.
  1757 | D:3      | Noticed a merfolk
  1757 | D:3      | Noticed a spider
  1757 | D:3      | Noticed a merfolk
  1757 | D:3      | Noticed a siren
  1757 | D:3      | Noticed a redback
  1757 | D:3      | Noticed a spider
  1757 | D:3      | Noticed a spider
  1757 | D:3      | Noticed a sea snake
  1759 | D:3      | Noticed a merfolk
  2543 | D:4      | Reached skill level 5 in Fighting
  2567 | D:4      | Noticed a giant frog
  2581 | D:4      | Killed a giant frog
  2581 | D:4      | Reached XP level 5. HP: 17/57 MP: 5/5
  2846 | D:4      | Reached skill level 5 in Maces & Flails
  3478 | D:5      | Entered Level 5 of the Dungeon
  3750 | D:5      | Reached skill level 6 in Maces & Flails
  3806 | D:5      | Noticed a phantom
  3929 | D:5      | Reached XP level 6. HP: 53/66 MP: 6/6
  4153 | D:5      | Killed a phantom
  4153 | D:5      | Reached skill level 7 in Maces & Flails
  4651 | D:5      | Found a radiant altar of Vehumet.
  4651 | D:5      | Found a shadowy altar of Dithmenos.
  4679 | D:5      | Noticed an ogre
  4691 | D:5      | Killed an ogre
  4691 | D:5      | Reached skill level 8 in Maces & Flails
  4691 | D:5      | Reached XP level 7. HP: 42/72 MP: 7/7
  4922 | D:6      | Reached skill level 9 in Maces & Flails
  4922 | D:6      | Reached skill level 1 in Evocations
  5336 | D:6      | Reached skill level 10 in Maces & Flails
  5336 | D:6      | Reached XP level 8. HP: 52/80 MP: 8/8
  5748 | D:6      | Reached skill level 11 in Maces & Flails
  5940 | D:6      | Noticed Edmund
  5983 | D:6      | Killed Edmund
  6195 | D:6      | Found a staircase to the Ecumenical Temple.
  6199 | D:6      | Reached skill level 12 in Maces & Flails
  6214 | Temple   | Entered the Ecumenical Temple
  6970 | D:7      | Identified a scroll of acquirement
  7093 | D:7      | Reached skill level 13 in Maces & Flails
  7108 | D:7      | Reached XP level 9. HP: 88/88 MP: 9/9
  7131 | D:7      | HP: 4/88 [killer bee (9)]
  7132 | D:7      | HP: 1/88 [killer bee (3)]
  7132 | D:7      | Slain by a killer bee

Action                   |  1- 3 |  4- 6 |  7- 9 || total
-------------------------+-------+-------+-------++-------
Melee: Spear             |    60 |       |       ||    60
       Mace              |    78 |    92 |   153 ||   323
       Flail             |       |    83 |       ||    83
       Dire flail        |       |       |    67 ||    67
 Fire: Blowgun           |       |    10 |    12 ||    22
Evoke: Wand              |       |     8 |       ||     8
  Use: Scroll            |     4 |    10 |     4 ||    18
       Potion            |       |       |     1 ||     1
 Stab: Sleeping          |       |     4 |     4 ||     8
  Eat: Chunk             |     2 |     1 |     2 ||     5
       Fruit             |     2 |       |       ||     2
       Pizza             |       |     2 |       ||     2
       Beef jerky        |       |     1 |       ||     1
       Bread ration      |       |     1 |     1 ||     2
